[Event "Late-Titled-Tuesday-Blitz-August-29-2023"]
[Site "Chess.com"]
[Date "2023.08.29"]
[Round "11"]
[White "IMRosen"]
[Black "vladgoncharov"]
[Result "0-1"]
[WhiteElo "2611"]
[BlackElo "2531"]
[TimeControl "180+1"]
[EndTime "16:04:09 PDT"]
[Termination "vladgoncharov won by checkmate"]

1. e4 e6 2. d4 d5 3. e5 c5 4. c3 Nc6 5. Nf3 Nge7 6. Bd3 cxd4 7. O-O dxc3 8. Nxc3 Ng6 9. Re1 Be7 10. a3 O-O 11. b4 a6 12. Bb2 f5 13. Ne2 Bd7 14. Qd2 h6 15. g3 Rc8 16. h4 Qe8 17. h5 Nh8 18.
Nf4 Bg5 19. Nxg5 hxg5 20. Nh3 Qxh5 21. Nxg5 Nf7 22. Nxf7 Kxf7 23. Kg2 Rh8 24. Rh1 Qg4 25. f3 Qg6 26. Qf4 Ne7 27. g4 Bb5 28. Rxh8 Rxh8 29. Bc2 Rc8 30. Rc1 Ke8 31. a4 Bc4 32. Bb1 Kd7 33. Qd4 Qg5 34. Rh1 fxg4 35. Qxg4 Qd2+ 36. Kg3 Qxb2 37. Bg6 Qxe5+ 38. Qf4 Qxf4+ 39. Kxf4 Nxg6+ 40.
Kg5 Ne7 41. Rh7 Bd3 42. Rh1 Rf8 43. f4 Rf5+ 44. Kg4 Ng6 45. Rc1 Nxf4 46. b5 axb5 47.
axb5 Bxb5 48. Rb1 Bc6 49. Ra1 Ng6 50. Ra8 Ne5+ 51. Kh4 g5+ 52. Kh5 g4+ 53. Kh4 Rf7 54. Kg3 Rf3+ 55. Kh4 d4 56. Kg5 d3 57. Ra2 g3 58.
Rd2 Rf2 59. Rd1 g2 60. Kh6 Rf1 61. Rd2 g1=Q 62. Kh7 Qg6+ 63. Kh8 Rf8# 0-1

[Event "Late-Titled-Tuesday-Blitz-August-29-2023"]
[Site "Chess.com"]
[Date "2023.08.29"]
[Round "11"]
[White "Rinqed222"]
[Black "Walter_White_Poland"]
[Result "0-1"]
[WhiteElo "2224"]
[BlackElo "2358"]
[TimeControl "180+1"]
[EndTime "16:04:11 PDT"]
[Termination "Walter_White_Poland won by checkmate"]

1. e4 e6 2. d4 d5 3. e5 c5 4. c3 Nc6 5. Nf3 Qb6 6. Bd3 cxd4 7. O-O Bd7 8. Re1 Rc8 9. h4 h6 10. h5 Nge7 11. Nbd2 dxc3 12. bxc3 Na5 13. Rb1 Qc7 14.
Bb2 Nec6 15. Nb3 Nxb3 16. axb3 Be7 17. c4 dxc4 18. bxc4 O-O 19. Bc3 Rfd8 20. Qc2 Be8 21. Re4 Kh8 22. g4 a5 23. Rd1 Nb4 24. Bxb4 axb4 25.
Qc1 b5 26. g5 hxg5 27. Nxg5 bxc4 28. Rxc4 Qd7 29. Be2 Rxc4 30. Qxc4 Qxd1+ 31. Bxd1 Rxd1+ 32. Kg2 Bxg5 33. Qc8 Rd8 34. Qc4 Rb8 35. Qc7 Rd8 36.
Qc4 Be7 37. Qc7 b3 38. Qxe7 Rb8 39. h6 gxh6 40. Qf8+ Kh7 41. Qd6 Rb7 42. Qd3+ Kg8 43. Qg3+ Kf8 44. Qh4 Bc6+ 45. Kg3 b2 46. Qxh6+ Ke7 47.
Qf6+ Ke8 48. Qh8+ Kd7 49. Qg7 b1=Q 50. Qxf7+ Kc8 51. Qxe6+ Kc7 52. Qe7+ Kb8 53. Qd6+ Rc7 54. Qd8+ Kb7 55. Qd4 Qb3+ 56. Kh4 Rh7+ 57. Kg4 Qf3+ 58. Kg5 Qh5+ 59. Kf6 Qf7+ 60. Kg5 Rh5+ 61. Kg4 Qf5+ 62. Kg3 Rh3# 0-1

[Event "Late-Titled-Tuesday-Blitz-August-29-2023"]
[Site "Chess.com"]
[Date "2023.08.29"]
[Round "11"]
[White "MYMChessAcademy"]
[Black "Laico"]
[Result "0-1"]
[WhiteElo "2223"]
[BlackElo "2381"]
[TimeControl "180+1"]
[EndTime "16:04:12 PDT"]
[Termination "Laico won by checkmate"]

1. e4 e6 2. d4 d5 3. e5 c5 4. c3 Nc6 5. Nf3 Bd7 6. Bd3 Qb6 7. Bc2 Qa6 8. Bd3 Qb6 9. Bc2 Nge7 10. a3 cxd4 11. cxd4 Rc8 12. b4 Nf5 13. Bxf5 exf5 14. O-O Be7 15. Qe2 O-O 16. Be3 a5 17. b5 Na7 18. a4 Bb4 19. Bd2 Rc2 20. Qd3 Rfc8 21. Na3 R2c3 22. Bxc3 Rxc3 23. Qe2 Rxa3 24. Ng5 Rxa1 25.
Rxa1 Qxd4 26. Rd1 Qg4 27. Qxg4 fxg4 28. Rxd5 Be8 29. Rd8 Kf8 30. Rb8 Bc5 31. Rxb7 h6 32. Ne4 Bd4 33. Nd6 Nc8 34. Nxc8 Bxe5 35. Nb6 h5 36. Nc4 Bd4 37. Nxa5 h4 38. g3 f5 39.
Nc6 Bc5 40. a5 f4 41. gxf4 g3 42. hxg3 hxg3 43. a6 gxf2+ 44. Kf1 Bg6 45. Rd7 Bf5 46. Rd5 Bh3+ 47. Ke2 f1=Q+ 48. Kd2 Qxf4+ 49. Kc2 Qc4+ 50. Kb2 Qxd5 51. a7 Bxa7 52. Nxa7 Qb7 53. Kb3 Qxa7 54. Kb4 Bd7 55. b6 Qxb6+ 56. Kc4 Qf6 57. Kd3 g5 58.
Kc2 g4 59. Kd2 g3 60. Kc2 g2 61. Kd2 g1=Q 62. Kc2 Be8 63. Kd2 Qgd4+ 64. Kc2 Qc6+ 65.
Kb1 Qdb6+ 66. Ka1 Qc1+ 67. Ka2 Bf7# 0-1

[Event "Late-Titled-Tuesday-Blitz-August-29-2023"]
[Site "Chess.com"]
[Date "2023.08.29"]
[Round "11"]
[White "Apocalyps999"]
[Black "CraiggoryC"]
[Result "0-1"]
[WhiteElo "2312"]
[BlackElo "2250"]
[TimeControl "180+1"]
[EndTime "16:04:14 PDT"]
[Termination "CraiggoryC won by checkmate"]

1. e4 e6 2. d4 d5 3. Nd2 Be7 4. Bd3 c5 5. exd5 Qxd5 6. Ngf3 cxd4 7. Be4 Qd7 8. Nb3 Nf6 9. Bd3 Nc6 10. Bb5 a6 11. Bxc6 Qxc6 12. Nbxd4 Qe4+ 13. Qe2 Qxe2+ 14. Kxe2 Bd7 15. h3 O-O-O 16. c3 Bd6 17. Be3 e5 18. Nb3 Bb5+ 19. Ke1 Kb8 20. Nfd2 Bc7 21. c4 Bc6 22. f3 Rd3 23. Ke2 Rhd8 24. Rad1 e4 25. fxe4 Nxe4 26. Nxe4 Bxe4 27. Rxd3 Bxd3+ 28. Kf2 Bxc4 29. Nc1 Rc8 30. b3 Be6 31. Nd3 Bd6 32. Rc1 Rxc1 33. Nxc1 Kc7 34.
Bd4 g6 35. Nd3 Kc6 36. g4 Kd5 37. Bc3 f5 38. gxf5 Bxf5 39. Ne1 Bxh3 40. Nf3 Bf5 41. Ng5 h6 42. Nf7 h5 43. Nxd6 Kxd6 44. Kg3 Kd5 45. a3 Ke4 46. Bf6 Kd3 47. b4 Kc2 48. Be7 Kb3 49.
Kh4 Kxa3 50. Kg5 Ka4 51. Kh4 Kb5 52. Kg5 b6 53. Kh4 a5 54. Kg5 axb4 55. Kh4 b3 56.
Kg5 b2 57. Kh4 b1=Q 58. Bb4 Qxb4+ 59. Kg5 Qg4+ 60. Kf6 Qf4 61. Kg7 g5 62. Kf8 g4 63.
Ke7 g3 64. Kd8 g2 65. Ke7 Qe5+ 66. Kd8 Qd6+ 67. Ke8 Bg6# 0-1

[Event "Late-Titled-Tuesday-Blitz-August-29-2023"]
[Site "Chess.com"]
[Date "2023.08.29"]
[Round "11"]
[White "Bauman_Guy"]
[Black "EsmeraldasAnderson03"]
[Result "1/2-1/2"]
[WhiteElo "2853"]
[BlackElo "2455"]
[TimeControl "180+1"]
[EndTime "16:04:15 PDT"]
[Termination "Game drawn - insufficient material"]

1. e4 c5 2. Nf3 d6 3. d4 cxd4 4. Nxd4 Nf6 5. Nc3 a6 6. h3 e6 7. g3 d5 8. exd5 Nxd5 9. Nde2 b5 10. Bg2 Bb7 11. Nxd5 Bxd5 12. Bxd5 Qxd5 13. Qxd5 exd5 14. Bf4 Nc6 15. O-O-O O-O-O 16. Nc3 d4 17. Ne4 h6 18.
h4 f5 19. Nd2 Be7 20. Nf3 Bf6 21. Rhe1 Rhe8 22. Kd2 Kb7 23. a3 Kb6 24. Kd3 a5 25. h5 Kc5 26. Rxe8 Rxe8 27. Re1 Rxe1 28. Nxe1 Be5 29. Bd2 b4 30. a4 Ne7 31. Nf3 Bf6 32.
Bf4 Nd5 33. Be5 Bxe5 34. Nxe5 Nf6 35. Nc4 Nxh5 36. Nxa5 Nf6 37. Nb3+ Kd5 38. a5 Ne4 39. a6 Kc6 40. Nxd4+ Kb6 41. Ke3 g6 42. g4 Nd6 43.
gxf5 gxf5 44. Kf4 Kxa6 45. Nxf5 Nc4 46. Nxh6 Nxb2 47. Ke3 Kb5 48. Kd4 Nc4 49. f4 Na3 50. Kd3 Kc5 51. Nf5 Nb5 52. Ne3 Nd4 53. Ke4 b3 54.
cxb3 Nxb3 55. Ke5 Kc6 56. f5 Kd7 57. f6 Nc5 58. Nf5 Ke8 59. Nd6+ Kf8 60. Kf5 Nd7 61. Ke6 Nc5+ 62. Kd5 Nd7 63. Ke6 Nc5+ 64. Kf5 Nd7 65. Ne4 Kf7 66. Ng5+ Kf8 67. f7 Ke7 68. Kg6 Ne5+ 69. Kg7 Nxf7 1/2-1/2

[Event "Late-Titled-Tuesday-Blitz-August-29-2023"]
[Site "Chess.com"]
[Date "2023.08.29"]
[Round "11"]
[White "psychokiller48"]
[Black "CrushingKings"]
[Result "1-0"]
[WhiteElo "2682"]
[BlackElo "2571"]
[TimeControl "180+1"]
[EndTime "16:04:16 PDT"]
[Termination "psychokiller48 won by resignation"]

1. e4 g6 2. d4 Bg7 3. h4 c6 4. h5 d5 5. e5 c5 6. c3 cxd4 7.
cxd4 Nc6 8. Nc3 e6 9. Nf3 Bd7 10.
a3 a6 11. Be3 Nge7 12. h6 Bf8 13.
Bg5 Qb6 14. Na4 Qa7 15. Bf6 Rg8 16. g4 g5 17. Nc5 Rg6 18. Bxg5 Ng8 19. Nxd7 Kxd7 20.
Qd2 Bxh6 21. Bxh6 Nxh6 22. Rxh6 Nxd4 23. Nxd4 Rxh6 24. Qxh6 Qxd4 25. Qd2 Qxe5+ 26. Qe2 Qf4 27. Qe3 Qxg4 28. Rc1 Rc8 29. Rxc8 Kxc8 30. Bd3 h5 31.
Qc5+ Kd7 32. Qb6 Qg1+ 33. Kd2 Qg5+ 34. Kc2 Kc8 35. Qd6 Qf6 36. f4 h4 37. Qe5 Qh6 38.
Qg5 Qxg5 39. fxg5 h3 40. Bf1 h2 41. Bg2 Kd7 42. Kd3 Kd6 43. Kd4 e5+ 44. Ke3 Ke6 45. Bh3+ Kd6 46. Bg2 e4 47. Kf4 Kc5 48.
Kg3 Kd4 49. Kxh2 Ke3 50. Kg1 d4 51. Kf1 Kf4 52. Ke2 e3 53. Kd3 Kg3 54. Bf1 Kf2 55.
Be2 Ke1 56. Bh5 Kf2 57. b4 b6 58. a4 a5 59. b5 Ke1 60. Bxf7 Kf1 61. Bh5 Kf2 62.
g6 1-0

[Event "Late-Titled-Tuesday-Blitz-August-29-2023"]
[Site "Chess.com"]
[Date "2023.08.29"]
[Round "11"]
[White "UgarteCesar"]
[Black "RIPOL"]
[Result "1/2-1/2"]
[WhiteElo "2275"]
[BlackElo "2401"]
[TimeControl "180+1"]
[EndTime "16:04:18 PDT"]
[Termination "Game drawn by repetition"]

1. d4 Nf6 2. Nf3 d5 3. e3 c5 4. Bd3 Nc6 5. c3 b6 6. O-O Bb7 7. Nbd2 e6 8. Qe2 Bd6 9. Rd1 O-O 10. e4 dxe4 11. Nxe4 cxd4 12. Bg5 Be7 13. cxd4 Nb4 14.
Nxf6+ Bxf6 15. Bxf6 Qxf6 16. Be4 Bxe4 17. Qxe4 Nd5 18. g3 Rac8 19. Rac1 h6 20. Ne5 Qe7 21. a3 Rc7 22. Rxc7 Qxc7 23. Rd3 Rc8 24. Rf3 Nf6 25. Qh4 Qd8 26. Rc3 Rxc3 27. bxc3 Qd5 28. Qf4 Qb3 29. Qc1 b5 30. Nc6 a6 31. Nb4 a5 32. Nc6 a4 33.
Ne5 Nd5 34. c4 bxc4 35. Qxc4 Qxa3 36. Qc8+ Qf8 37. Qa6 a3 38. Nc4 Qb4 39. Nxa3 Qxd4 40. Qc8+ Kh7 41. Qc2+ g6 42. Nb5 Qa1+ 43. Kg2 h5 44. h4 Qa6 45. Nd4 Qb7 46. Kh2 Nf6 47.
Qc3 Ng4+ 48. Kg1 Qb1+ 49. Kg2 Qa2 50. Qf3 Qd5 51. Qxd5 exd5 52. Nf3 Kg7 53. Ng5 Kf6 54. f3 Ne5 55. Kf2 Nc6 56. Ke3 Ke7 57. Kf4 f6 58. Nh3 Ke6 59. Nf2 Nb4 60. g4 d4 61.
Ke4 d3 62. Nxd3 Nxd3 63. Kxd3 Ke5 64. Ke3 f5 65. f4+ Kf6 66. g5+ Ke6 67. Kd4 Kd6 68. Kc4 Kc6 69. Kd4 Kd6 70. Kc4 Kc6 71. Kd4 Kd6 1/2-1/2

[Event "Late-Titled-Tuesday-Blitz-August-29-2023"]
[Site "Chess.com"]
[Date "2023.08.29"]
[Round "11"]
[White "Piotrek1979"]
[Black "kiwibobo"]
[Result "0-1"]
[WhiteElo "2450"]
[BlackElo "2399"]
[TimeControl "180+1"]
[EndTime "16:04:20 PDT"]
[Termination "kiwibobo won on time"]

1. c4 Nf6 2. g3 c5 3. Bg2 d5 4. cxd5 Nxd5 5. Nc3 Nc7 6. d3 e5 7. Be3 Be7 8. Rc1 O-O 9. a4 Ne6 10. Nf3 Nc6 11. Nd2 Qd7 12. Nc4 b6 13. Nd5 Bb7 14.
Nxe7+ Qxe7 15. O-O Ned4 16. Bd2 Kh8 17. Bc3 f6 18. e3 Ne6 19. Qb3 Rad8 20. Rfd1 Rd7 21. a5 Nxa5 22. Bxa5 Bxg2 23. Kxg2 bxa5 24. Nxa5 f5 25.
Nc4 Qf6 26. Qc3 Rd5 27. f4 exf4 28. Qxf6 Rxf6 29. gxf4 Rf8 30. Ra1 Rfd8 31. Ne5 Ra8 32. Ra6 Nc7 33. Rc6 Nb5 34. Ra1 g5 35. Nf7+ Kg8 36. Nxg5 Rxd3 37. Ra5 Rd2+ 38. Kf3 Nd6 39. Raxc5 h6 40. Nh3 Ne4 41. Rc8+ Rxc8 42. Rxc8+ Kg7 43. Rc7+ Kf6 44. Rc6+ Kg7 45. Rc7+ Kg8 46. Rc6 Rxh2 47. Rxh6 Rxb2 48. Rh5 Rh2 49. Rxf5 Nd2+ 50. Kg4 Rg2+ 51. Kh5 Rh2 52. Kg4 Rg2+ 53. Kh4 Nf3+ 54. Kh5 Rg3 55.
Ng5 Nxg5 56. fxg5 Rxe3 57. Ra5 Re6 0-1

[Event "Late-Titled-Tuesday-Blitz-August-29-2023"]
[Site "Chess.com"]
[Date "2023.08.29"]
[Round "11"]
[White "DampFalcon"]
[Black "giomar27"]
[Result "1/2-1/2"]
[WhiteElo "2357"]
[BlackElo "2274"]
[TimeControl "180+1"]
[EndTime "16:04:20 PDT"]
[Termination "Game drawn - insufficient material"]

1. Nf3 b6 2. g3 Bb7 3. Bg2 e5 4.
O-O e4 5. Nd4 c5 6. Nb3 f5 7. d3 Nf6 8. Nc3 d5 9. dxe4 fxe4 10.
Bg5 Be7 11. Qd2 Nbd7 12. Rad1 d4 13. Nb1 O-O 14. c3 e3 15. fxe3 Bxg2 16. Kxg2 Ne4 17.
Bxe7 Qxe7 18. Qd3 dxe3 19. Qxd7 Qg5 20. Qd5+ Qxd5 21. Rxd5 Rxf1 22. Kxf1 Rf8+ 23. Kg1 Rf2 24. Re5 Rxe2 25. Rxe4 Re1+ 26. Kg2 Rxb1 27. Rxe3 Rxb2+ 28. Kf3 Rxa2 29. h4 Rb2 30. Nc1 a5 31. Ne2 b5 32.
Re5 c4 33. Nd4 b4 34. Rxa5 Rd2 35. Ra8+ Kf7 36. Ne2 b3 37. Rb8 h5 38. Ke3 Rd3+ 39. Kf2 Rd2 40. Ke1 Ra2 41. Kd1 b2 42. Nf4 g6 43.
Kc2 b1=Q+ 44. Kxb1 Rf2 45. Rb7+ Kf6 46. Rb6+ Kf5 47.
Rb5+ Ke4 48. Rg5 Ke3 49. Rxg6 Kd2 50. Rg5 Kxc3 51. Rxh5 Rf1+ 52. Ka2 Kd2 53. Nd5 Rf8 54. g4 Kc2 55. Ne3+ Kc3 56. Nxc4 Kxc4 57. Rg5 Kd4 58. Kb2 Ke4 59. h5 Kf4 60. Rg6 Kg3 61. Kc3 Kh4 62. Kd4 Re8 63. Kd5 Re1 64. Re6 Rd1+ 65. Ke5 Kxg4 66.
h6 Kg5 67. h7 Rh1 68. Re7 Kg6 69. Kd6 Rxh7 70. Re6+ Kg7 71. Re7+ Kg6 72. Rxh7 Kxh7 1/2-1/2

[Event "Late-Titled-Tuesday-Blitz-August-29-2023"]
[Site "Chess.com"]
[Date "2023.08.29"]
[Round "11"]
[White "Garmendiarov"]
[Black "Bilan_Danila"]
[Result "0-1"]
[WhiteElo "2328"]
[BlackElo "2475"]
[TimeControl "180+1"]
[EndTime "16:04:30 PDT"]
[Termination "Bilan_Danila won on time"]

1. e4 c6 2. d4 d5 3. e5 c5 4.
Nf3 Nc6 5. dxc5 Bg4 6. c3 Bxf3 7. Qxf3 Nxe5 8. Bb5+ Nc6 9. c4 e6 10. Nc3 Nf6 11. Bg5 Bxc5 12. Bxf6 Qxf6 13. Qxf6 gxf6 14. cxd5 exd5 15. Nxd5 O-O-O 16. O-O-O Nd4 17. Bc4 b5 18. Bb3 Nxb3+ 19. axb3 f5 20. Rhe1 Rhe8 21. Nf6 Rxe1 22. Rxe1 Bxf2 23. Re7 b4 24. Re8 Rxe8 25. Nxe8 Kd8 26.
Nd6 f4 27. Nxf7+ Ke7 28. Ng5 h6 29. Ne4 Bd4 30. Kc2 Ke6 31. Kd3 Bxb2 32. Kc4 Ba3 33. Nc5+ Ke5 34. Nd3+ Ke4 35. Nf2+ Ke3 36. Ng4+ Ke2 37.
Nxh6 Kf2 38. Ng4+ Kxg2 39. Ne5 f3 40. h4 f2 41. Ng4 Kg3 42. Ne3 Kxh4 43. Kd3 Kg3 44.
Ke2 Bb2 45. Nf1+ Kg2 46. Ne3+ Kg1 47. Nf1 Bd4 48. Nd2 Bb6 49. Nf3+ Kg2 50. Nd2 Kg3 51.
Nf1+ Kf4 52. Nd2 Ke5 53. Nc4+ Kd4 54. Kxf2 Kc3+ 55. Ke2 Kxb3 56. Ne3 Kc3 57. Nd5+ Kc2 58. Nxb4+ Kb3 59. Nd5 Bc5 60. Kd2 a5 61. Kc1 a4 62.
Nf4 a3 63. Nd3 Be3+ 64. Kd1 a2 0-1

[Event "Late-Titled-Tuesday-Blitz-August-29-2023"]
[Site "Chess.com"]
[Date "2023.08.29"]
[Round "11"]
[White "nitpicker"]
[Black "tarno17"]
[Result "0-1"]
[WhiteElo "2269"]
[BlackElo "2192"]
[TimeControl "180+1"]
[EndTime "16:04:32 PDT"]
[Termination "tarno17 won on time"]

1. d4 d5 2. c4 e6 3. Nf3 Nf6 4. g3 Be7 5. Bg2 O-O 6. O-O dxc4 7. Ne5 Nbd7 8. Nxc4 c6 9. Nc3 Nb6 10. Na5 Bd6 11. f4 Bb4 12. Nb3 Nbd5 13. Bd2 Bxc3 14. bxc3 Ng4 15. Qc1 Qd7 16. e4 Nb6 17. h3 Nf6 18.
Be3 Nc4 19. Bf2 b5 20. Qc2 a5 21. Rad1 Ba6 22. Nc5 Qc7 23. Qc1 Rfd8 24. g4 h6 25. Bh4 Nb6 26. f5 exf5 27. Bxf6 gxf6 28. Rxf5 Kg7 29.
Rdf1 Rd6 30. e5 fxe5 31. dxe5 Rg6 32. Rxf7+ Qxf7 33. Rxf7+ Kxf7 34. Qf4+ Ke7 35. Nxa6 Rxa6 36. Qd4 Nd5 37. Bxd5 cxd5 38. Qxd5 Rge6 39. Qxb5 Rab6 40. Qxa5 Rb1+ 41. Kf2 Rb2+ 42. Ke3 Rbb6 43. Qa7+ Ke8 44. Kd4 Rbc6 45. c4 Ra6 46. Qb8+ Kd7 47. Qb7+ Ke8 48. Qb3 Kd7 49. h4 Ke7 50. a4 Rg6 51. Qf3 Ra7 52. Qf5 Rd7+ 53. Ke4 Ra6 54. g5 Rxa4 55. Qf6+ Ke8 56. g6 Rxc4+ 57. Kf5 Rdd4 58. Qe6+ Kf8 59. g7+ Kxg7 60. Qe7+ Kg8 61. e6 Rf4+ 62. Ke5 Rce4+ 63. Kd5 Rd4+ 64. Kc6 Rc4+ 65. Kd7 Rfd4+ 66. Qd6 Rxd6+ 67. Kxd6 Rxh4 68. e7 Re4 0-1

[Event "Late-Titled-Tuesday-Blitz-August-29-2023"]
[Site "Chess.com"]
[Date "2023.08.29"]
[Round "11"]
[White "ilushka"]
[Black "djano"]
[Result "1-0"]
[WhiteElo "2421"]
[BlackElo "2576"]
[TimeControl "180+1"]
[EndTime "16:04:49 PDT"]
[Termination "ilushka won on time"]

1. e4 c5 2. Nf3 Nc6 3. Bb5 e5 4. Bxc6 bxc6 5. Nxe5 Qe7 6. Nf3 Qxe4+ 7. Qe2 Qxe2+ 8. Kxe2 Ba6+ 9. d3 c4 10. dxc4 Bxc4+ 11. Kd1 f6 12. b3 Bd5 13. Re1+ Kf7 14. Nbd2 Bb4 15. Re2 Ne7 16. c4 Bxd2 17. Rxd2 Bxf3+ 18. gxf3 d5 19. Ba3 Rad8 20. Rc1 Nf5 21. cxd5 cxd5 22. Rc7+ Kg6 23. Rxa7 h5 24. Be7 Rde8 25. Bc5 Nh4 26.
Rxd5 Nxf3 27. Rdd7 Rhg8 28. h3 Re1+ 29. Kc2 h4 30. a4 Ng5 31. Rd3 Rc8 32. b4 Ne4 33.
Rdd7 Nxc5 34. Rxg7+ Kf5 35. bxc5 Rxc5+ 36. Kd2 Rf1 37. Ke2 Rfc1 38. Rgd7 R1c3 39. Rd3 Rc2+ 40. Kf3 R2c3 41. Rxc3 Rxc3+ 42. Kg2 Ra3 43. a5 Kg6 44.
Ra8 Kg7 45. a6 Kh7 46. Kf1 Ra2 47. Ke1 Kg7 48. a7 Kh7 49. Kd1 Kg7 50. Kc1 Ra6 51. Kd2 Kh7 52. Ke3 Ra4 53. Kd3 Kg7 54. Kc3 Ra6 55.
Kd4 Ra4+ 56. Kd5 Kh7 57. Ke6 Ra6+ 58. Kf5 Kg7 59. Kg4 Ra4+ 60. f4 Kh7 61. Kf5 Ra6 62.
Ke4 Ra5 63. Ke3 Ra4 64. Kf3 f5 65. Ke3 Ra3+ 66. Kd4 Ra5 67. Kc4 Ra1 68. Kd5 Ra5+ 69. Ke6 Kg7 70. Ke7 Ra4 71. Kd7 Ra5 72. Ke6 Kh7 73. Kf6 1-0

[Event "Late-Titled-Tuesday-Blitz-August-29-2023"]
[Site "Chess.com"]
[Date "2023.08.29"]
[Round "11"]
[White "kingofthenil"]
[Black "Fandorine"]
[Result "0-1"]
[WhiteElo "2723"]
[BlackElo "2931"]
[TimeControl "180+1"]
[EndTime "16:04:58 PDT"]
[Termination "Fandorine won on time"]

1. Nf3 Nf6 2. c4 g6 3. Nc3 Bg7 4. e4 d6 5. g3 O-O 6. Bg2 c5 7. d4 cxd4 8. Nxd4 Nc6 9. Nde2 Bg4 10. h3 Bxe2 11. Nxe2 Nd7 12. O-O Rc8 13. Rb1 a6 14. Be3 Qa5 15. a3 Nce5 16. Bd2 Qc5 17. Rc1 Nd3 18. Be3 Nxb2 19. Qb3 Qc7 20. Nc3 Nd3 21. Nd5 Nxc1 22. Rxc1 Qd8 23. Qxb7 e6 24. Qxc8 Qxc8 25. Ne7+ Kh8 26. Nxc8 Rxc8 27. Bf1 Nc5 28. Bxc5 Rxc5 29.
Rd1 Bf8 30. Rb1 Ra5 31. Rb7 Kg7 32. Ra7 Rxa3 33. c5 dxc5 34. Bc4 Kg8 35. Rxa6 Rc3 36. Bb5 Rb3 37. Ba4 Rb8 38. Rc6 Rb4 39. Bc2 Rc4 40. Bd3 Rd4 41. Bc2 Rc4 42. Bd3 Rb4 43.
e5 h5 44. Rc7 h4 45. gxh4 Rxh4 46. Kg2 Rd4 47. Bb5 Rf4 48. Kg3 Rf5 49. Be8 Bg7 50. Rxc5 Bxe5+ 51. Kg2 Kg7 52. Ba4 Rf4 53. Rxe5 Rxa4 54.
Rb5 Rf4 55. Rb7 Ra4 56. Kg3 g5 57. Rb5 Kg6 58. Rb6 Kf5 59. Rb5+ e5 60. Rb7 f6 61. Rb3 Rd4 62. Rf3+ Kg6 63. Ra3 Rc4 64. Rb3 Kf5 65. Rf3+ Ke6 66. Rb3 Rd4 67. Rb6+ Rd6 68. Rb3 f5 69. h4 f4+ 70. Kg4 gxh4 71. Kxh4 Kf5 72. Rb8 Ke4 73. Kg5 Kf3 74. Rb2 e4 75. Kf5 Rd5+ 76. Ke6 Rd3 77. Ke5 e3 78. fxe3 fxe3 79.
Rb3 Rxb3 0-1

[Event "Late-Titled-Tuesday-Blitz-August-29-2023"]
[Site "Chess.com"]
[Date "2023.08.29"]
[Round "11"]
[White "ckgchess"]
[Black "jinbojinbo"]
[Result "0-1"]
[WhiteElo "2868"]
[BlackElo "2692"]
[TimeControl "180+1"]
[EndTime "16:05:21 PDT"]
[Termination "jinbojinbo won by resignation"]

1. e4 c5 2. c3 d5 3. exd5 Qxd5 4. d4 Nc6 5. Nf3 Nf6 6. Na3 e6 7. Nb5 Qd8 8. dxc5 Bxc5 9. Qxd8+ Kxd8 10. Bf4 Nd5 11.
O-O-O Bd7 12. Bg3 Ke7 13. Bc4 a6 14. Nbd4 Nxd4 15. Nxd4 Nb6 16. Bb3 Rac8 17. Rhe1 Rhd8 18. Bh4+ f6 19. Bxe6 Bxe6 20. Nxe6 Rxd1+ 21. Kxd1 Kf7 22. Nxc5 Rxc5 23. f3 Ra5 24. a3 Nc4 25. Kc2 Rb5 26. b4 Rh5 27. Bg3 Rd5 28. Re2 b5 29. Kb3 Nd2+ 30.
Ka2 Nc4 31. Bf4 g5 32. Bc1 Rd1 33. Rc2 h5 34. Kb3 Nb6 35. Be3 Nc4 36. Bd4 Nd2+ 37.
Ka2 Nc4 38. Kb3 Nd2+ 39. Ka2 Nc4 40. Re2 h4 41. Kb3 Rb1+ 42. Ka2 Rd1 43. Bc5 Rd3 44. Kb3 Rd1 45. a4 Rb1+ 46. Ka2 Rc1 47. axb5 axb5 48. Bd4 Rd1 49. Kb3 Rb1+ 50. Ka2 Rd1 51. Bc5 Rc1 52. Kb3 Rb1+ 53. Kc2 Rb2+ 54. Kd3 Rb1 55. Re7+ Kg6 56. Bd4 Rd1+ 57. Kc2 Rd2+ 58. Kc1 Rxg2 59. Re6 Rxh2 60. Rxf6+ Kh5 61. Rf5 h3 62. f4 Rh1+ 63. Kc2 Kg4 64. Rxg5+ Kxf4 65. Rh5 h2 66. Ba7 Kg4 67. Rh8 Ra1 68.
Rg8+ Kf5 69. Rf8+ Ke6 70. Re8+ Kf7 71. Rh8 h1=Q 72. Rxh1 Rxh1 73. Kd3 Rh3+ 74. Kd4 Ke6 75. Kc5 Rh5+ 76. Kc6 Rf5 77. Bd4 Nd2 78. Be3 Nc4 79. Bd4 Rd5 80. Bg1 Rh5 81. Bc5 Na3 82. Bd4 Kf5 83. Kd5 Kf4+ 84. Kc6 Ke4 85. Bf6 Kd3 86. Kb6 Kc4 87. Kc6 Nb1 0-1

[Event "Late-Titled-Tuesday-Blitz-August-29-2023"]
[Site "Chess.com"]
[Date "2023.08.29"]
[Round "11"]
[White "dretch"]
[Black "zeitnot2006"]
[Result "0-1"]
[WhiteElo "2885"]
[BlackElo "2769"]
[TimeControl "180+1"]
[EndTime "16:05:25 PDT"]
[Termination "zeitnot2006 won by resignation"]

1. d4 Nf6 2. c4 e6 3. Nc3 d5 4.
cxd5 exd5 5. Bg5 Be7 6. e3 c6 7.
Bd3 h6 8. Bh4 O-O 9. Nge2 Nbd7 10. O-O Ne8 11. Bxe7 Qxe7 12. e4 dxe4 13. Bxe4 Nd6 14.
Bf3 Nf6 15. Re1 Re8 16. Ng3 Qxe1+ 17. Qxe1 Rxe1+ 18. Rxe1 Kf8 19. d5 cxd5 20. Nxd5 Nxd5 21.
Bxd5 Bd7 22. Rd1 Rc8 23. h3 Ke7 24. Nh5 g6 25. Re1+ Kf8 26. Nf6 Bc6 27. Bb3 Ne8 28. Ng4 h5 29. Ne5 Nd6 30. Rd1 Ke7 31. h4 Be8 32. Kh2 Rc5 33. Re1 Kf6 34. Nd3 Rc7 35. Nf4 Bc6 36. Rc1 Rd7 37. Bd5 Bxd5 38. Nxd5+ Ke5 39. Ne3 Ne4 40. f3 Nf6 41. Kg3 Ke6 42.
Re1 Kd6 43. Kf4 Re7 44. Nc4+ Kd7 45. Ne5+ Ke8 46. Rd1 Re6 47. g4 Rb6 48. b3 Ra6 49. a4 Rb6 50. Rd3 Rb4+ 51. Kg5 Rb6 52. Kh6 Re6 53. Kg7 Rxe5 54. Kxf6 Re6+ 55. Kg7 hxg4 56. fxg4 Re4 57. h5 gxh5 58. gxh5 Rg4+ 59. Kf6 Rh4 60. Kg5 Rh1 61. h6 Rg1+ 62. Kf5 Rf1+ 63. Ke5 Rh1 64. Kd6 Rxh6+ 65. Kc7 Rb6 66. a5 Rb5 67. Kb8 Rxa5 68.
Kxb7 Ra3 69. Re3+ Kd7 70. Rf3 Ke6 71. Kc6 f5 72. Re3+ Kf6 73. Kc5 f4 74. Rd3 Kf5 75. Kb4 Ra1 76. Rd8 f3 77. Rf8+ Ke4 78. Kc3 Ke3 79.
Re8+ Kf2 80. Kd2 Kg2 81. Rg8+ Kf1 82. Rf8 f2 83. Ke3 Re1+ 84. Kf3 Rb1 85. Kg3 Rxb3+ 86.
Kh2 Re3 87. Rf4 a5 88. Ra4 Rd3 89. Rxa5 Ke2 90. Ra2+ Rd2 91. Ra1 f1=Q 0-1

[Event "Late-Titled-Tuesday-Blitz-August-29-2023"]
[Site "Chess.com"]
[Date "2023.08.29"]
[Round "11"]
[White "DenizSeyhanoglu1"]
[Black "Giorno"]
[Result "1-0"]
[WhiteElo "2327"]
[BlackElo "2447"]
[TimeControl "180+1"]
[EndTime "16:05:28 PDT"]
[Termination "DenizSeyhanoglu1 won by checkmate"]

1. e4 g6 2. d4 Bg7 3. Nc3 d6 4. g3 a6 5. a4 b6 6. Bg2 Bb7 7. Nge2 e6 8. O-O Ne7 9. Be3 h6 10. h4 Nd7 11. Qd2 e5 12. d5 f5 13. h5 g5 14. f4 g4 15. fxe5 Nxe5 16. exf5 Nc4 17.
Qc1 Nxe3 18. Qxe3 O-O 19. Nd4 Bxd4 20. Qxd4 Nxf5 21. Qxg4+ Qg5 22. Qxg5+ hxg5 23. g4 Ne3 24. Rxf8+ Rxf8 25. Be4 Nxg4 26. Re1 Kg7 27. Bg2 Ne5 28.
b3 Kh6 29. Ne4 Kxh5 30. c4 Kg6 31. Ng3 Rf4 32. Be4+ Kf7 33. Kg2 Bc8 34. Rh1 Rh4 35. Rf1+ Kg7 36. Bf5 Bb7 37. Be6 Kg6 38. Rf8 b5 39.
cxb5 axb5 40. a5 Rd4 41. Rb8 Bxd5+ 42. Bxd5 Rxd5 43. a6 Rd2+ 44. Kf1 Ra2 45. Ra8 Nc6 46. Ne4 d5 47. Nc3 Ra1+ 48. Kf2 d4 49. Nxb5 Ra2+ 50. Kf3 d3 51. a7 d2 52. Ke2 Ra5 53. Rg8+ Kf7 54. a8=Q Rxa8 55. Rxa8 g4 56. Kxd2 g3 57.
Ra1 Ke6 58. Rg1 Kd5 59. Rxg3 Kc5 60. Rg5+ Kb6 61. Kc3 Nb8 62. Nd4 Nd7 63. Rg6+ Kb7 64. Rg7 Nb6 65. Nb5 Nd5+ 66. Kd4 Kc6 67. Nc3 Nb6 68. Rg6+ Kb7 69. Rxb6+ Kxb6 70. Kc4 Kc6 71. b4 Kb6 72. Na4+ Kc6 73. Nb2 Kb7 74. Kc5 Kb8 75.
Nc4 Kb7 76. Na5+ Kb8 77. Kc6 Kc8 78. Nc4 Kb8 79. Ne3 Kc8 80. Nd5 Kb8 81. Nxc7 Ka7 82.
Nd5 Kb8 83. Ne3 Ka7 84. b5 Kb8 85. Kb6 Kc8 86. Ka7 Kc7 87. b6+ Kc6 88. b7 Kc5 89.
b8=Q Kd4 90. Kb6 Kd3 91. Qc7 Ke2 92. Nf5 Kd3 93. Ng7 Ke4 94. Ne8 Kd5 95. Qd6+ Ke4 96. Kc5 Ke3 97. Qe5+ Kf3 98. Kc4 Kg4 99. Kd4 Kf3 100.
Qf5+ Kg2 101. Ke3 Kg3 102. Qg5+ Kh2 103. Kf2 Kh1 104. Qh5# 1-0